 Dungeon Crawl Stone Soup version 0.29.0-15-g675c0067aa (webtiles) character file.

Game seed: 710772577739677897

465851 Voxie the Hoplite (level 24, -1/178 HPs)
             Began as a Gargoyle Fighter on Sept 12, 2022.
             Was the Champion of Trog.
             Killed from afar by a yellow draconian annihilator (52 damage)
             ... with a crystal spear
             ... led by a black draconian knight
             ... on level 4 of the Depths.
             The game lasted 01:52:48 (52329 turns).

Voxie the Hoplite (Gargoyle Fighter)               Turns: 52329, Time: 01:52:49

Health: -1/178     AC: 53    Str: 47    XL:     24   Next: 25%
Magic:  23/23      EV: 12    Int: 15    God:    Trog [******]
Gold:   3808       SH: 23    Dex:  5    Spells: 23/23 levels left

rFire   . . .      SeeInvis +   z - +10 trident "Timnoeb" {vorpal, Drain rElec Will++ Stlth+}
rCold   . . .      Faith    .   m - +2 kite shield {AC+3}
rNeg    + . .      Spirit   .   X - +8 scale mail of Foolhardiness {Str+8 Int+4}
rPois   ∞          Reflect  +   a - +0 helmet {SInv}
rElec   +          Harm     .   b - +1 cloak of Past Mistakes {Regen+ Str+3 Dex-4}
rCorr   .          Rampage  .   r - +2 pair of gloves
Will    ++++.                   O - +2 pair of boots of Siteymoi {rElec Will+ Slay+3}
Stlth   ++........              Z - amulet of reflection
HPRegen 1.19/turn               k - +4 ring of slaying
MPRegen 0.18/turn               A - +6 ring of strength

@: flying, studying Axes
A: sickness immunity, AC +18, big wings, negative energy resistance 1,
electricity resistance, torment resistance 1, petrification resistance
}: 3/15 runes: serpentine, barnacled, silver
a: Renounce Religion, Berserk, Trog's Hand, Brothers in Arms


You were on level 4 of the Depths.
You worshipped Trog.
Trog was exalted by your worship.
You visited 9 branches of the dungeon, and saw 41 of its levels.
You also visited: Bailey and Gauntlet.

You collected 8682 gold pieces.
You spent 4874 gold pieces at shops.


Innate Abilities, Weirdness & Mutations

You are immune to sickness and miasma.
Your stone body is resilient. (AC +18)
You are immune to poison.
Your large and strong wings let you fly.
You resist negative energy. (rN+)
You are resistant to electric shocks. (rElec)
You are resistant to unholy torment.
You are immune to petrification.


   Skills:
 * Level 25.8 Fighting
 - Level 14.0 Polearms
 + Level 7.3 Throwing
 * Level 21.0 Armour
 + Level 9.4 Dodging
 - Level 5.7 Stealth
 * Level 26.0 Shields
 + Level 3.3 Evocations


You had 23 spell levels left.
You didn't know any spells.
Your spell library contained the following spells:

 Spells                   Type           Power      Damage    Failure   Level
 Necrotise                Necr           0%         1d4       36%         1
 Sandblast                Erth           0%         2d4       36%         1
 Passwall                 Tmut/Erth      0%         N/A       50%         2
 Gell's Gravitas          Tloc           0%         N/A       73%         3
 Lesser Beckoning         Tloc           0%         N/A       73%         3
 Stone Arrow              Conj/Erth      0%         3d7       73%         3
 Teleport Other           Tloc           0%         N/A       73%         3
 Vampiric Draining        Necr           0%         2d6       73%         3
 Agony                    Necr           0%         N/A       100%        5


Dungeon Overview and Level Annotations

Branches:
Dungeon (15/15)            Temple (1/1) D:5            Lair (5/5) D:9
 Shoals (4/4) Lair:3        Snake (4/4) Lair:3        Slime (0/5) Lair:4
    Orc (2/2) D:9             Elf (0/3) Orc:2        Vaults (5/5) D:14
  Crypt (0/3) Vaults:3     Depths (4/4) D:15            Zot (1/5) Depths:4
 Bailey (visited)         Gauntlet (visited)

Altars:
Ashenzari
Cheibriados
Dithmenos
Elyvilon
Fedhas
Gozag
Hepliaklqana
Makhleb
Nemelex Xobeh
Okawaru
Qazlal
Ru
Sif Muna
Trog
Uskayaw
Vehumet
Wu Jian
Xom
Yredelemnul
Zin
The Shining One
Jiyva
Lugonu

Shops:
D:14 (   Orc:2 =*[[   Shoals:1 :(   Shoals:4 =[!([   Vaults:1 !   Vaults:2 [
Vaults:3 [[   Vaults:4 (?   Depths:1 (   Depths:2 *   Depths:3 **

Portals:
Hell: Depths:1 Depths:2 Depths:3 Depths:4
Abyss: Lair:5 Vaults:2 Depths:1 Depths:3
Pandemonium: Depths:1 Depths:2
Trove: Vaults:3 (give 18 potions of curing)

Annotations:
D:14 exclusion: obsidian statue
Temple 2 transporters
Shoals:1 Roxanne
Vaults:1 2 transporters, Tang's ghost, master DsGl
Vaults:2 2 transporters, abarbat's ghost, adept MiBe

Inventory:

Hand Weapons
 z - the +10 trident "Timnoeb" (weapon) {vorpal, Drain rElec Will++ Stlth+}
   (Trog gifted it to you on level 2 of the Vaults)

   It inflicts extra damage upon your enemies.
   rElec:     It insulates you from electricity.
   Drain:     It drains your maximum health when unequipped.
   Will:      It greatly increases your willpower.
   Stlth:     It makes you more stealthy.
Missiles
 e - 5 throwing nets {!f}
 i - 95 stones
 w - 3 curare-tipped darts
 K - 68 poisoned darts
 P - 16 javelins (quivered)
 S - 8 silver javelins
 W - 5 boomerangs
Armour
 a - a +0 helmet of see invisible (worn)
   (You bought it in a shop on level 2 of the Orcish Mines)
 b - the +1 cloak of Past Mistakes (worn) {Regen+ Str+3 Dex-4}
   (You found it on level 11 of the Dungeon)

   Str:       It affects your strength (+3).
   Dex:       It affects your dexterity (-4).
   Regen:     It increases your rate of health regeneration.
 m - a +2 kite shield of protection (worn)
   (You took it off a naga warrior on level 3 of the Lair of Beasts)
 r - a +2 pair of gloves (worn)
   (You found it on level 3 of the Dungeon)
 O - the +2 pair of boots of Siteymoi (worn) {rElec Will+ Slay+3}
   (You acquired it on level 9 of the Dungeon)

   Slay:      It affects your accuracy & damage with ranged weapons and melee
   (+3).
   rElec:     It insulates you from electricity.
   Will:      It increases your willpower.
 X - the +8 scale mail of Foolhardiness (worn) {Str+8 Int+4}
   (You bought it in a shop on level 4 of the Shoals)

   Str:       It affects your strength (+8).
   Int:       It affects your intelligence (+4).
Jewellery
 h - an amulet of guardian spirit
   (You took it off a vault sentinel on level 5 of the Vaults)
 j - a +4 ring of protection
   (You found it in a Gauntlet)
 k - a +4 ring of slaying (left hand)
   (You found it on level 2 of the Dungeon)
 t - a +4 ring of protection
   (You found it on level 4 of the Depths)
 A - a +6 ring of strength (right hand)
   (You found it on level 5 of the Dungeon)
 Z - an amulet of reflection (around neck)
   (You found it on level 11 of the Dungeon)
Wands
 q - a wand of iceblast (23)
   (You found it on level 3 of the Dungeon)
 C - a wand of digging (22)
   (You found it on level 5 of the Lair of Beasts)
 E - a wand of mindburst (20)
   (You found it on level 9 of the Dungeon)
 F - a wand of paralysis (32)
   (You found it on level 8 of the Dungeon)
 G - a wand of polymorph (38)
   (You found it on level 8 of the Dungeon)
 H - a wand of flame (44)
   (You found it on level 1 of the Lair of Beasts)
 N - a wand of light (21)
   (You found it on level 12 of the Dungeon)
Scrolls
 d - 19 scrolls of identify {@r1}
 g - 16 scrolls of teleportation {@r4}
 l - a scroll of silence
 x - 3 scrolls of summoning
 M - 4 scrolls of magic mapping
 Q - 6 scrolls of poison
 V - 5 scrolls of fog
Potions
 c - 2 potions of berserk rage
 f - 9 potions of mutation {!q}
 n - 15 potions of haste {@q3}
 o - 8 potions of resistance
 p - 6 potions of cancellation
 v - 5 potions of lignification {!q}
 B - 6 potions of magic
 I - 13 potions of might
 J - 3 potions of invisibility
 L - 4 potions of attraction {!q}
 R - 3 potions of heal wounds {@q2}
 U - 16 potions of curing {@q1}
 Y - 3 potions of ambrosia

....###.##.##.#.......##.##.#.#..
##### ##..#..#.......#..#...#.##+
#...#..#..######..#...#.##.
##...###.##....###.#.##.##.
##...#..#§.......#..#.....
###...#..#§#####...........
#.....#..#§§.§§##......###.
#..8..#..#dd.#..#..⌠...# #.
#.....##§§@qd#..#......# #.
###....#####§#..#....#.# #.
#..#..:....§#..#...##.# #.
##.#.###....##.###...#.# #.
#...#).######..#..#....###.
#...#)[#.......#..#..#...∩.
#.##)##.......#.##.##.###.#
##..#......8...#..#...# #..
#...#...##...##...#...# #.#


You could see 2 draconians, a red draconian (catching breath) and a yellow
draconian annihilator.


Message History

You impale the yellow draconian!!
You kill the yellow draconian!
Trog accepts your kill.
You block the purple draconian's attack.
You block the red draconian's attack.
The purple draconian breathes dispelling energy at you.
The bolt of dispelling energy hits you but does no damage.
Your magical effects are unravelling.
Your Armour skill increases to level 21!
You completely miss the yellow draconian annihilator.
You are no longer corroded.
The yellow draconian annihilator casts a spell at you.
The iron shot hits you!
You impale the yellow draconian annihilator!!
The yellow draconian annihilator is moderately wounded.
You block the purple draconian's attack.
You block the red draconian's attack.
You block the purple draconian's attack.
The yellow draconian annihilator points at you and mumbles some strange words.
The iron shot hits you!!!
* * * LOW HITPOINT WARNING * * *
You are too injured to fight recklessly!
You are too injured to fight recklessly!
You are too injured to fight recklessly!
You are too injured to fight recklessly!
You are too injured to fight recklessly!
You are too injured to fight recklessly!
You are too injured to fight recklessly!
You are too injured to fight recklessly!
You are too injured to fight recklessly!
You are too injured to fight recklessly!
You are too injured to fight recklessly!
The purple draconian hits you but does no damage.
You block the red draconian's attack.
You block the purple draconian's attack.
The yellow draconian annihilator hits you but does no damage.
You fly up through the gate.
Welcome back to the Depths!
There is a gate to the Realm of Zot, spattered with blood here.
The air fills with toxic fumes!
As you read the scroll of poison, it crumbles to dust.
The purple draconian closely misses you.
The red draconian breathes fire at you. The searing blast hits you!
* * * LOW HITPOINT WARNING * * *
You block the purple draconian's attack.
The yellow draconian annihilator misses you.
The purple draconian closely misses you.
The yellow draconian annihilator casts a spell at you.
The crystal spear hits you!!!
You die...

Levels and vault maps discovered:
D:1:      lightli_arrival_maybe_door_vault, layout_basic, serial_bayou_crossing
D:2:      layout_loops_ring, grunt_ministairs_13,
          chequers_serial_rivers_micro_b, kennysheep_generic_room_7
D:3:      layout_loops_ring, nicolae_tso_swordbearing_angel
D:4:      layout_rooms, minmay_cupped
D:5:      layout_cave_pools, temple_green, minmay_circle_x
D:6:      layout_loops_cross, skrybe_limestone_x, uniq_blork_the_orc
D:7:      layout_cave_pools, kennysheep_mini
D:8:      layout_basic
D:9:      layout_basic, minmay_lair_entry_grove,
          kennysheep_orc_monster_closet_entryway, enter_bailey_2
D:10:     layout_loops_cross, nicolae_elyvilon_peaceful_grove, serial_glass,
          glass_columns_a, glass_columns_a, due_unseen_surprise,
          feat_on_display, feat_on_display, minmay_strange_pillars,
          minivault_16, uniq_joseph
D:11:     gammafunk_cloud_chamber, layout_basic,
          onia_ninara_dug_in_and_dangerous
D:12:     layout_loops_ring, minmay_misc_feat_five
D:13:     hangedman_arrow_trap, layout_gridville, gauntlet_entry_generic,
          minmay_evil_grid, uniq_nessos
D:14:     layout_rooms, david_vaults_2, serial_shops, nicolae_stop_n_shop_2,
          grunt_dithmenos_shadows, hangedman_devilish_allure
D:15:     hangedman_depths_entry_try_elsewhere_first, layout_cave_pools,
          minmay_splitting_lines
Temple:   hellmonk_temple_divided_pantheon
Lair:1:   layout_cave_pods, chequers_serial_rivers_small_b
Lair:2:   layout_chaotic_city, cheibrodos_lair_lostbears
Lair:3:   layout_hall_layers, shoals_dummy_entry,
          minmay_snake_entry_guardpost_medium, st_stairs_10,
          dreamdust_mushroom_princess, uniq_nergalle
Lair:4:   layout_layer_cave, slime_entry_1, disabler_island, lemuel_fruit_tree,
          serial_bayou_shore_b
Lair:5:   hellmonk_lair_end_abyssal_woods, layout_gridlike
Shoals:1: layout_shoals, serial_shops, nicolae_shop_stone, shop_statue,
          nicolae_shoals_loop_pool, uniq_roxanne
Shoals:2: layout_shoals
Shoals:3: cheibrodos_shoals_three_sisters, layout_shoals,
          nicolae_shoals_pincushion_passage, uniq_ilsuiw
Shoals:4: shoals_end_hangedman, layout_shoals, serial_shops,
          nicolae_shop_statue_plus, shop, shop, nicolae_shop_hallway_stairs,
          nicolae_shop_stone, uniq_mara
Snake:1:  layout_cave_shapes, serial_bayou_lagoon_a, uniq_aizul
Snake:2:  layout_misc_corridors
Snake:3:  layout_gridlike, special_room, grunt_megastairs_4
Snake:4:  grunt_snake_rune_serpentine_throne, layout_layer_cave, uniq_bai_suzhen
Orc:1:    layout_caves, uniq_jorgrun, uniq_urug
Orc:2:    st_orc_elflike, layout_caves, nicolae_orc_pool_cavern
Vaults:1: gammafunk_ghost_wrathful_warriors, v_misc_29,
          nicolae_vaults_display_case, v_misc_26, nicolae_vaults_angled_halls,
          vaults_mumra_minichess_inversion, nicolae_vaults_network_barrier,
          grunt_vaults_twisty, v_misc_3, layout_vaults_big_cross, serial_shops,
          nicolae_lakefront_shop
Vaults:2: gammafunk_ghost_abyssal_escape, v_misc_12,
          nicolae_vaults_angled_halls, nicolae_vaults_windows_and_doors_thing,
          vaults_room_semicircle, nicolae_vaults_rhombus_7,
          vaults_dpeg_emergency_exit, layout_vaults_big_room, serial_shops,
          shop_fountains, uniq_mennas, uniq_asterion
Vaults:3: ontoclasm_vaults_ring_small, ontoclasm_vaults_chip,
          dpeg_vaults_hating_casters, dpeg_vaults_monster_box,
          hangedman_vaults_slither, nicolae_vaults_network_s, v_misc_19,
          v_misc_27, minmay_crypt_entry_simple_sparse, vaults_room_fancy_cross,
          v_rooms_4, v_misc_25, layout_vaults_maze, serial_shops, shop,
          nicolae_trove_entry_crystal, uniq_boris
Vaults:4: hangedman_vaults_capsules, v_misc_3, serial_ice_g,
          ontoclasm_vaults_shuriken, v_misc_2, vaults_room_corners,
          nicolae_vaults_mini_display_case, vaults_room_grid,
          vaults_room_hangedman_quadrants, layout_vaults_omnigrid, serial_shops,
          nicolae_shop_temple_entry_statues_fountains, shop
Vaults:5
Depths:1: layout_gridlike, rand_demon_pan_entry_1, serial_shops,
          nicolae_shop_stone, abyss_entry, hell_entry, drop_trap,
          minmay_the_grid_2x2 [minmay_the_grid_doors, minmay_the_grid_gridbox,
          minmay_the_grid_broken_lines, minmay_the_grid_prize_diamond_cup],
          infiniplex_staircase_pool_lava, serial_bayou_shore_a
Depths:2: nicolae_cairo_tiling_very_big, layout_gridville, enter_ziggurat_a,
          serial_shops, nicolae_inconvenience_store, pan_entry, hell_entry,
          nicolae_rock_paper_scissors, uniq_saint_roka
Depths:3: minmay_split_circle, layout_cave_shapes,
          nicolae_hell_entry_big_baal_hell, ashenzari_altar_1,
          minmay_room_of_horrors, guppyfry_shop_blood,
          infiniplex_staircase_zigzag_2
Depths:4: grunt_twist_and_shout, layout_gridlike, hell_entry,
          minmay_misc_feat_chi
Zot:1:    layout_misc_corridors, st_stairs_9

Vanquished Creatures
  Mara (Shoals:4)
  Mennas (Vaults:2)
  Bai Suzhen (Snake:4)
  Saint Roka (Depths:2)
  Boris (Vaults:3)
  2 golden dragons
  A bone dragon (Depths:4)
  Jorgrun (Orc:2)
  12 tentacled monstrosities
  A titan (Vaults:4)
  Asterion (Vaults:2)
  2 walking crystal tomes
  3 liches
  2 walking frostbound tomes (Depths:3)
  A quicksilver dragon (Vaults:5)
  A kraken (Shoals:4)
  6 sphinxes
  A walking divine tome (Depths:3)
  7 tengu reavers
  6 storm dragons
  7 shadow dragons
  8 nagarajas
  Ilsuiw (Shoals:3)
  3 narguns
  A deep elf sorcerer (Vaults:5)
  9 fire giants
  An iron dragon (Vaults:5)
  A draconian knight (Depths:4)
  2 orc warlords
  12 frost giants
  Aizul (Snake:1)
  A draconian stormcaller (Depths:4)
  11 vault wardens
  18 ironbound preservers
  20 stone giants
  5 war gargoyles
  30 very ugly things
  Nessos (D:13)
  2 entropy weavers (Vaults:2)
  2 vampire knights
  4 ironbound thunderhulks
  4 green draconians (Depths:4)
  2 yellow draconians (Zot:1)
  17 dire elephants
  3 purple draconians (Depths:4)
  A minotaur (Gauntlet)
  A red draconian (Depths:4)
  7 white draconians
  8 ettins
  4 spark wasps (Depths:3)
  12 fire dragons
  7 merfolk javelineers
  13 yaktaur captains
  8 great orbs of eyes
  6 merfolk impalers
  A spriggan air mage (Depths:3)
  34 vault guards
  10 hydras
  4 boulder beetles
  5 rakshasas
  10 ice dragons
  An ogre mage (D:14)
  20 anacondas
  15 naga warriors
  3 salamander tyrants
  8 ironbound frosthearts
  6 centaur warriors
  A satyr (shapeshifter) (Vaults:5)
  2 merfolk avatars
  7 two-headed ogres
  2 satyrs
  4 merfolk aquamancers (Shoals:3)
  6 tengu warriors
  4 dancing weapons
  2 alligator snapping turtles
  6 deep troll earth magi
  2 vampire magi
  7 deep troll shamans
  3 spriggan berserkers
  7 shock serpents
  4 orc high priests
  2 thrashing horrors (Lair:5)
  17 naga sharpshooters
  A deep elf knight (D:13)
  Urug (Orc:1)
  A hell knight (Vaults:5)
  Nergalle (Lair:3)
  2 soul eaters (Vaults:3)
  5 skeletal warriors (D:13)
  8 iron trolls
  4 salamander mystics
  2 sixfirhies
  80 deep trolls
  3 glowing orange brains
  19 sea snakes
  A lindwurm (shapeshifter) (Depths:3)
  A deep troll (shapeshifter) (Vaults:5)
  2 flayed ghosts
  A swamp dragon (shapeshifter) (Vaults:5)
  3 naga ritualists
  A shadow dragon zombie (Vaults:4)
  7 deep elf pyromancers
  6 phantasmal warriors
  25 harpies
  5 lindwurms
  15 ironbound convokers
  A deep elf zephyrmancer (D:13)
  9 wizards
  5 orc sorcerers (Orc:2)
  5 necromancers
  9 orc knights
  8 cyclopes
  A wolf spider (D:15)
  9 fauns
  41 ugly things
  5 mana vipers
  23 manticores
  A faun (shapeshifter) (Vaults:5)
  26 elephants
  4 moths of wrath
  6 guardian serpents (Snake:4)
  16 salamanders
  8 merfolk sirens
  A frost giant skeleton (Vaults:1)
  20 black mambas
  12 naga magi
  2 torpor snails
  7 water nymphs
  A rust devil (Depths:1)
  A gargoyle (D:13)
  16 vault sentinels
  9 cane toads
  A torpor snail (shapeshifter) (Depths:3)
  A hellion (Depths:1)
  Joseph (D:10)
  A rime drake (Lair:3)
  A freezing wraith (D:13)
  2 kobold demonologists (D:12)
  13 yaktaurs
  2 human zombies
  An efreet (D:13)
  4 tengu conjurers
  7 komodo dragons
  A yaktaur (shapeshifter) (Lair:5)
  2 unseen horrors (Depths:3)
  An ice devil (Depths:1)
  2 ancient zymes (Lair:5)
  A red devil (Depths:1)
  A wind drake (shapeshifter) (Vaults:5)
  A merfolk (shapeshifter) (Vaults:5)
  23 merfolk
  5 polar bears
  6 trolls
  6 wind drakes
  2 polar bears (shapeshifter) (Depths:3)
  A tarantella (Vaults:2)
  A hornet (Depths:1)
  19 slime creatures
  6 blink frogs (Lair:5)
  11 dream sheep
  14 snapping turtles
  2 spriggans (shapeshifter)
  A frost giant simulacrum (Vaults:4)
  7 water elementals
  5 shadows
  2 vampires
  5 wraiths
  3 culicivoras (Vaults:2)
  An elf zombie (Vaults:1)
  8 wyverns
  32 yaks
  2 spriggans
  A ynoxinul (Lair:5)
  A hog (shapeshifter) (Depths:3)
  A basilisk (shapeshifter) (Lair:5)
  12 basilisks
  2 golden eyes (shapeshifter)
  A redback (Vaults:2)
  4 chaos spawn
  3 wargs
  52 nagas
  6 acid dragons
  11 water moccasins
  2 floating eyes (Depths:1)
  2 sky beasts
  42 orc warriors
  A black bear (D:6)
  13 large abominations
  An ogre (shapeshifter) (Vaults:5)
  7 ogres
  3 boggarts (Vaults:3)
  12 centaurs
  3 phantoms
  9 kobold brigands
  Blork the orc (D:6)
  6 bullfrogs
  A gnoll sergeant (D:9)
  A human skeleton (Vaults:1)
  9 scorpions
  15 small abominations
  5 killer bees
  10 electric eels
  5 howler monkeys
  4 jellies
  21 orc priests
  5 hounds (D:6)
  4 gnoll boudas
  6 iguanas
  30 orc wizards
  35 gnolls
  13 adders
  2 shadow imps
  5 white imps
  7 ufetubi
  A worm (D:3)
  2 dart slugs
  117 orcs
  4 endoplasms
  2 giant cockroaches
  6 goblins
  9 hobgoblins
  10 jackals
  5 quokkas
  9 ball pythons
  2 bats
  4 frilled lizards
  16 kobolds
  6 rats
  2 tentacles (Shoals:4)
1692 creatures vanquished.

Vanquished Creatures (others)
  A sea snake (Shoals:3)
  A harpy (Shoals:4)
  A boggart (D:13)
  A quasit (D:14)
  An orc priest (D:13)
  A shadow imp (D:14)
  An ufetubus (D:14)
  39 fungi
  155 plants
  15 tentacles (Shoals:4)
216 creatures vanquished.

Grand Total: 1908 creatures vanquished

Table legend: (Time is in decaauts)
 A = Elapsed time spent in this place.
 B = Non-inter-level travel time spent in this place.
 C = Inter-level travel time spent in this place.
 D = Time resting spent in this place.
 E = Time spent auto-exploring this place.
 F = Levels seen in this place.
 G = Mean time per level.
                   A        B        C        D        E       F      G
               +--------+--------+--------+--------+--------+-----+--------+
         Total |  50329 |  47259 |   3070 |   8176 |  28245 |  43 | 1170.4 |
       Dungeon |  18127 |  16758 |   1369 |   3539 |   9852 |  15 | 1208.5 |
        Temple |     27 |     17 |     10 |      0 |      0 |   1 |   27.0 |
          Lair |   8518 |   8118 |    400 |   1616 |   5247 |   5 | 1703.6 |
        Shoals |   3450 |   3160 |    290 |    239 |   1773 |   4 |  862.5 |
     Snake Pit |   3280 |   3112 |    168 |    131 |   2061 |   4 |  820.0 |
  Orcish Mines |   2533 |   2432 |    101 |    755 |   1167 |   2 | 1266.5 |
        Vaults |   7596 |   7220 |    376 |    676 |   4704 |   5 | 1519.2 |
        Depths |   5932 |   5579 |    353 |   1117 |   2946 |   4 | 1483.0 |
           Zot |     48 |     48 |      0 |      0 |      0 |   1 |   48.0 |
        Bailey |    444 |    444 |      0 |      0 |    342 |   1 |  444.0 |
      Gauntlet |    369 |    369 |      0 |    100 |    152 |   1 |  369.0 |
               +--------+--------+--------+--------+--------+-----+--------+

Top non-repeatable levels by time:
    D:13: 2417 daAuts
  Lair:5: 2267 daAuts
   Orc:2: 2045 daAuts
  Lair:4: 1897 daAuts
Vaults:5: 1884 daAuts
     D:8: 1813 daAuts
     D:9: 1803 daAuts
  Lair:3: 1774 daAuts
Vaults:4: 1726 daAuts
     D:6: 1714 daAuts
Depths:1: 1682 daAuts
Depths:3: 1578 daAuts
Vaults:3: 1447 daAuts
  Lair:1: 1411 daAuts
Depths:4: 1398 daAuts

Table legend:
 A = Kills in this place as a percentage of kills in entire the game.
 B = Kills by you in this place as a percentage of kills by you in the entire game.
 C = Kills by friends in this place as a percentage of kills by friends in the entire game.
 D = Other kills in this place as a percentage of other kills in the entire game.
 E = Experience gained in this place as a percentage of experience gained in the entire game.
 F = Experience gained in this place divided by the number of levels of this place that you have seen.
                   A       B       C       D       E      F
               +-------+-------+-------+-------+-------+----------------------
         Total | 100.0 | 100.0 |   N/A | 100.0 | 100.0 | 20107.6
       Dungeon |  24.7 |  24.7 |   N/A |  50.0 |   8.2 | 4744.8
          Lair |   9.1 |   9.2 |   N/A |   0.0 |   5.8 | 9977.4
        Shoals |   9.3 |   9.2 |   N/A |  50.0 |  10.3 | 22180.2
     Snake Pit |  10.4 |  10.5 |   N/A |   0.0 |  11.8 | 25586.5
  Orcish Mines |   6.5 |   6.5 |   N/A |   0.0 |   1.9 | 8357.5
        Vaults |  21.4 |  21.5 |   N/A |   0.0 |  34.7 | 60058.8
        Depths |  15.7 |  15.7 |   N/A |   0.0 |  25.6 | 55359.5
           Zot |   0.4 |   0.4 |   N/A |   0.0 |   1.1 | 9233.0
        Bailey |   1.5 |   1.5 |   N/A |   0.0 |   0.1 | 775.0
      Gauntlet |   0.8 |   0.8 |   N/A |   0.0 |   0.5 | 4047.0
               +-------+-------+-------+-------+-------+----------------------

Notes
Turn   | Place    | Note
-------+----------+-------------------------------------------
     0 | D:1      | Voxie the Gargoyle Fighter began the quest for the Orb.
     0 | D:1      | Reached XP level 1. HP: 14/14 MP: 1/1
   160 | D:1      | Reached XP level 2. HP: 17/19 MP: 2/2
   317 | D:1      | Reached skill level 2 in Polearms
   706 | D:1      | Reached XP level 3. HP: 24/24 MP: 3/3
  1199 | D:2      | Identified the +3 chain mail "Duhoweogg" {+Blink +Inv Will-
                  | Dex-3}
  1687 | D:3      | Reached XP level 4. HP: 21/29 MP: 4/4
  2061 | D:3      | Reached skill level 3 in Polearms
  2242 | D:3      | Reached skill level 4 in Armour
  2251 | D:3      | Found a glowing golden altar of the Shining One.
  2609 | D:4      | Noticed a phantom
  2648 | D:3      | Reached skill level 4 in Fighting
  2648 | D:3      | Reached XP level 5. HP: 33/33 MP: 5/5
  2840 | D:3      | Killed a phantom
  2841 | D:3      | Reached skill level 4 in Polearms
  2841 | D:3      | Reached XP level 6. HP: 27/38 MP: 6/6
  2990 | D:5      | Entered Level 5 of the Dungeon
  3034 | D:4      | Reached skill level 1 in Dodging
  3614 | D:4      | Reached XP level 7. HP: 43/43 MP: 7/7
  3636 | D:4      | Reached skill level 4 in Shields
  3640 | D:4      | Reached skill level 5 in Polearms
  3859 | D:4      | You fall into a shaft and drop 2 floors!
  3955 | D:6      | Reached skill level 1 in Throwing
  3976 | D:5      | Noticed a wyvern
  3989 | D:6      | Noticed Blork the orc
  3998 | D:6      | Killed Blork the orc
  4280 | D:6      | Reached skill level 6 in Polearms
  4280 | D:6      | Reached XP level 8. HP: 22/48 MP: 8/8
  4588 | D:6      | Identified the +0 ring mail of the Marlin {-Tele rElec
                  | Int+2 SInv}
  4826 | D:6      | Reached skill level 2 in Dodging
  4931 | D:6      | Killed a wyvern
  4932 | D:6      | Reached skill level 5 in Fighting
  4932 | D:6      | Reached skill level 5 in Armour
  5294 | D:6      | Reached skill level 7 in Polearms
  5363 | D:6      | Reached skill level 1 in Stealth
  5425 | D:5      | Reached XP level 9. HP: 52/54 MP: 9/9
  5464 | D:5      | HP: 11/54 [something/puff of flame (11)]
  5798 | D:5      | Reached skill level 5 in Shields
  6008 | D:5      | Reached skill level 3 in Dodging
  6105 | D:5      | Found a staircase to the Ecumenical Temple.
  6123 | Temple   | Entered the Ecumenical Temple
  6123 | Temple   | Found a transporter.
  6123 | Temple   | Found a transporter.
  6125 | Temple   | Found a transporter.
  6125 | Temple   | Found a transporter.
  6136 | Temple   | Became a worshipper of Trog the Wrathful
  6536 | D:7      | Reached skill level 8 in Polearms
  6872 | D:7      | Reached skill level 6 in Fighting
  7260 | D:7      | Found a sparkling altar of Nemelex Xobeh.
  7377 | D:8      | Reached skill level 6 in Armour
  7552 | D:8      | Reached XP level 10. HP: 50/61 MP: 10/10
  7668 | D:8      | Reached skill level 9 in Polearms
  7862 | D:8      | Reached * piety under Trog
  8337 | D:9      | Reached skill level 7 in Armour
  8423 | D:9      | Reached skill level 7 in Fighting
  8505 | D:9      | Found a flagged portal.
  8859 | Bailey   | Entered a bailey
  9167 | Bailey   | Noticed an orc knight
  9168 | Bailey   | Reached ** piety under Trog
  9180 | Bailey   | Killed an orc knight
  9181 | Bailey   | Reached skill level 6 in Shields
  9324 | D:9      | Reached skill level 10 in Polearms
  9362 | D:9      | Noticed a two-headed ogre
  9522 | D:10     | Entered Level 10 of the Dungeon
  9665 | D:10     | Noticed Joseph
  9676 | D:10     | Killed Joseph
  9677 | D:10     | Reached skill level 2 in Stealth
 10121 | D:9      | Reached XP level 11. HP: 67/67 MP: 11/11
 10147 | D:9      | Reached skill level 3 in Stealth
 10247 | D:9      | Found a staircase to the Lair.
 10421 | D:9      | Killed a two-headed ogre
 10422 | D:9      | Reached skill level 2 in Throwing
 10442 | D:9      | Reached skill level 1 in Evocations
 10676 | D:9      | Found a staircase to the Orcish Mines.
 10684 | D:9      | Reached *** piety under Trog
 10702 | D:9      | Reached skill level 11 in Polearms
 10744 | D:9      | HP: 10/68 [troll (12)]
 11017 | D:8      | Reached skill level 8 in Armour
 11123 | D:9      | Reached skill level 8 in Fighting
 11448 | D:9      | Acquired the +2 pair of boots of Siteymoi {rElec Will+
                  | Slay+3}
 11462 | D:9      | Acquired 1071 gold pieces
 11501 | Lair:1   | Entered Level 1 of the Lair of Beasts
 11551 | Lair:1   | Reached skill level 4 in Dodging
 11557 | Lair:1   | Reached skill level 7 in Shields
 12180 | Lair:1   | Noticed a seven-headed hydra
 12194 | Lair:1   | Killed a seven-headed hydra
 12195 | Lair:1   | Reached skill level 4 in Stealth
 12926 | Lair:1   | HP: 15/69 [polar bear (5)]
 12929 | Lair:1   | HP: 6/69 [polar bear (5)]
 13089 | Lair:2   | Reached skill level 12 in Polearms
 13089 | Lair:2   | Reached XP level 12. HP: 75/75 MP: 12/12
 13155 | Lair:2   | Reached skill level 9 in Armour
 13341 | Lair:2   | Identified the ring "Ticyh" {Will+ Int+4}
 14086 | Lair:3   | Noticed a six-headed hydra
 14087 | Lair:3   | Noticed Nergalle
 14375 | Lair:4   | Found a viscous altar of Jiyva.
 14377 | Lair:4   | Found a staircase to the Slime Pits.
 14503 | Lair:4   | Noticed a boulder beetle
 14520 | Lair:4   | Killed a boulder beetle
 14521 | Lair:4   | Reached skill level 9 in Fighting
 14712 | Lair:4   | HP: 17/76 [elephant (8)]
 14721 | Lair:4   | Reached skill level 13 in Polearms
 15033 | Lair:5   | Entered Level 5 of the Lair of Beasts
 15111 | Lair:5   | Reached skill level 8 in Shields
 15131 | Lair:5   | Reached **** piety under Trog
 15610 | Lair:5   | Reached skill level 5 in Dodging
 15610 | Lair:5   | Reached XP level 13. HP: 75/81 MP: 13/13
 15677 | Lair:5   | Reached skill level 14 in Polearms
 15731 | Lair:5   | Reached skill level 10 in Fighting
 15857 | Lair:5   | Reached skill level 10 in Armour
 16236 | Lair:5   | Reached ***** piety under Trog
 16537 | Lair:5   | Reached skill level 11 in Fighting
 16691 | Lair:5   | Found a corrupted altar of Lugonu.
 16691 | Lair:5   | Found a one-way gate to the infinite horrors of the Abyss.
 16963 | Lair:5   | Reached skill level 5 in Stealth
 16977 | Lair:5   | HP: 21/84 [elephant (10)]
 16984 | Lair:5   | HP: 10/84 [elephant (13)]
 16993 | Lair:5   | HP: 15/84 [elephant (2)]
 16996 | Lair:5   | HP: 7/84 [cane toad (9)]
 17389 | Lair:5   | HP: 18/84 [elephant (12)]
 17394 | Lair:5   | HP: 14/84 [elephant (2)]
 17754 | Lair:5   | Reached skill level 6 in Dodging
 17761 | Lair:5   | Reached skill level 9 in Shields
 18680 | Lair:3   | Found a staircase to the Shoals.
 18760 | Lair:3   | Reached skill level 12 in Fighting
 18760 | Lair:3   | Gained mutation: Your large and strong wings let you fly.
                  | [Gargoyle growth]
 18760 | Lair:3   | Reached XP level 14. HP: 56/92 MP: 14/14
 19157 | Lair:3   | Found a staircase to the Snake Pit.
 19308 | Lair:3   | Reached skill level 11 in Armour
 19614 | Lair:3   | Killed Nergalle
 20056 | D:10     | Found a white marble altar of Elyvilon.
 20443 | D:11     | Found a transporter.
 20800 | D:11     | Found a transporter.
 21008 | D:11     | Reached skill level 10 in Shields
 21446 | D:12     | Identified the +6 whip "Hompyrr" {flame, rPois rC++ rN+
                  | Int-3}
 21618 | D:12     | Reached skill level 13 in Fighting
 22352 | D:13     | Found a gate leading to a gauntlet.
 22365 | Gauntlet | Entered a Gauntlet
 22365 | Gauntlet | Found a transporter.
 22365 | Gauntlet | Found a transporter.
 22365 | Gauntlet | Found a transporter.
 22366 | Gauntlet | Found a transporter.
 22370 | Gauntlet | Found a transporter.
 22372 | Gauntlet | Found a transporter.
 22376 | Gauntlet | Found a transporter.
 22403 | Gauntlet | Reached skill level 2 in Evocations
 22487 | Gauntlet | Found a transporter.
 22487 | Gauntlet | Found a transporter.
 22487 | Gauntlet | Noticed a dire elephant
 22498 | Gauntlet | Identified the +6 demon trident of Waufeut {flame, rElec
                  | rCorr Str-5 Dex+6} (Trog gifted it to you in a Gauntlet)
 22498 | Gauntlet | Received a gift from Trog
 22543 | Gauntlet | Identified the +6 battleaxe of Duerr {flame, rF+ rN+}
 22566 | Gauntlet | Killed a dire elephant
 22570 | Gauntlet | Found a transporter.
 22601 | Gauntlet | Found a transporter.
 22782 | D:13     | Reached skill level 12 in Armour
 22815 | D:13     | HP: 21/94 [skeletal warrior/+0 scimitar (11)]
 23402 | D:13     | Reached skill level 11 in Shields
 23743 | D:13     | Reached skill level 14 in Fighting
 23769 | D:13     | Noticed a tengu reaver
 23789 | D:13     | HP: 9/96 [tengu reaver/bolt of fire (52)]
 23794 | D:13     | Killed a tengu reaver
 24196 | D:13     | Reached XP level 15. HP: 91/100 MP: 15/15
 24390 | D:13     | Noticed Nessos
 24402 | D:13     | Killed Nessos
 25505 | Orc:1    | Entered Level 1 of the Orcish Mines
 25505 | Orc:1    | Noticed Urug
 25669 | Orc:1    | HP: 25/101 [Urug/+5 great mace (3)]
 25678 | Orc:1    | HP: 25/101 [Urug/+5 great mace (8)]
 25683 | Orc:1    | Killed Urug
 26019 | Orc:2    | Entered Level 2 of the Orcish Mines
 26026 | Orc:2    | Found a staircase to the Elven Halls.
 26138 | Orc:1    | Noticed Jorgrun
 26381 | Orc:1    | Reached skill level 13 in Armour
 26396 | Orc:1    | Reached skill level 12 in Shields
 26652 | Orc:2    | Killed Jorgrun
 26938 | Orc:1    | Reached ****** piety under Trog
 27645 | Orc:2    | Received a gift from Trog
 27711 | Orc:2    | Found Jogicef's Jewellery Emporium.
 27730 | Orc:2    | Reached skill level 15 in Fighting
 27730 | Orc:2    | Reached skill level 3 in Throwing
 27736 | Orc:2    | HP: 23/103 [orc high priest/+0 trident (6)]
 28372 | Orc:2    | Found Coirargh's Antique Armour Boutique.
 28376 | Orc:2    | Found Dubbam's Armour Boutique.
 28381 | Orc:2    | Bought a +0 helmet of see invisible for 207 gold pieces
 28395 | Orc:2    | Found Dosch's General Store.
 28401 | Orc:2    | Bought a translucent scale mail for 297 gold pieces
 28401 | Orc:2    | Identified the +3 scale mail "Wuhiasil" {rF+ Dex+4 SInv}
                  | (You bought it in a shop on level 2 of the Orcish Mines)
 28401 | Orc:2    | Bought a pitted chain mail for 313 gold pieces
 28401 | Orc:2    | Identified the +1 chain mail of Lilacs {rElec rC- rN++
                  | Dex-4 SInv} (You bought it in a shop on level 2 of the
                  | Orcish Mines)
 28404 | Orc:2    | Bought a potion of resistance for 170 gold pieces
 28404 | Orc:2    | Bought a scroll of poison for 68 gold pieces
 28404 | Orc:2    | Bought a scroll of identify for 34 gold pieces
 28404 | Orc:2    | Bought a potion of haste for 170 gold pieces
 28605 | D:11     | Identified the +1 cloak of Past Mistakes {Regen+ Str+3
                  | Dex-4}
 28607 | D:11     | Identified the +2 pair of boots "Huebifirgh" {-Tele rN++
                  | Str+3 Stlth+}
 28791 | Shoals:1 | Entered Level 1 of the Shoals
 28899 | Shoals:1 | Identified Roxanne's Verses on Shapeshifting
 28899 | Shoals:1 | Noticed Roxanne
 28939 | Shoals:1 | Found Biffinwy's Weapon Shoppe.
 29154 | Shoals:2 | Reached skill level 13 in Shields
 29176 | Shoals:2 | Received a gift from Trog
 29313 | Shoals:2 | Reached XP level 16. HP: 104/110 MP: 16/16
 29405 | Shoals:2 | Reached skill level 16 in Fighting
 29453 | Shoals:1 | Reached skill level 4 in Throwing
 29470 | Shoals:1 | Found Oshraih's Book Shop.
 29478 | Shoals:1 | Bought a manual of Armour for 1360 gold pieces
 30136 | Shoals:3 | Reached skill level 14 in Armour
 30143 | Shoals:3 | Reached skill level 3 in Evocations
 30251 | Shoals:3 | Received a gift from Trog
 30347 | Shoals:3 | Noticed Ilsuiw
 30411 | Shoals:3 | Killed Ilsuiw
 30412 | Shoals:3 | Reached skill level 14 in Shields
 30521 | Shoals:3 | HP: 23/111 [merfolk aquamancer/shard of ice (26)]
 30693 | Shoals:4 | Entered Level 4 of the Shoals
 30858 | Shoals:4 | Noticed Mara
 31014 | Shoals:4 | Found Wetwemp's Antique Weapon Shop.
 31032 | Shoals:4 | Reached skill level 17 in Fighting
 31069 | Shoals:4 | Found Roto's Distillery.
 31109 | Shoals:4 | Bought a potion of invisibility for 128 gold pieces
 31109 | Shoals:4 | Bought a potion of resistance for 160 gold pieces
 31109 | Shoals:4 | Bought a potion of curing for 48 gold pieces
 31109 | Shoals:4 | Bought a potion of heal wounds for 80 gold pieces
 31259 | Shoals:4 | Reached skill level 15 in Shields
 31361 | Shoals:4 | Identified the +1 hat of Isiokifi {rC+}
 31448 | Shoals:4 | Found Hircha's Antique Armour Boutique.
 31538 | Shoals:4 | Reached XP level 17. HP: 118/118 MP: 17/17
 31582 | Shoals:4 | Noticed Voxie's illusion
 31612 | Shoals:4 | Killed Mara
 31656 | Shoals:4 | Bought an ichor-stained chain mail for 275 gold pieces
 31656 | Shoals:4 | Identified the +5 chain mail of Unreason {Contam rN+ Str+2}
                  | (You bought it in a shop on level 4 of the Shoals)
 31656 | Shoals:4 | Bought a fine scale mail for 261 gold pieces
 31656 | Shoals:4 | Identified the +8 scale mail "Dimnic" {Harm rF- Str-2
                  | Dex+8} (You bought it in a shop on level 4 of the Shoals)
 31666 | Shoals:4 | Found Gakuato's Jewellery Shop.
 31676 | Shoals:4 | Received a gift from Trog
 31716 | Shoals:4 | Found Todoum's Antique Armour Shop.
 31751 | Shoals:4 | Bought a shimmering chain mail for 304 gold pieces
 31751 | Shoals:4 | Identified the +2 chain mail "Awarr" {Harm rElec} (You
                  | bought it in a shop on level 4 of the Shoals)
 31751 | Shoals:4 | Bought a fine scale mail for 288 gold pieces
 31751 | Shoals:4 | Identified the +8 scale mail of Foolhardiness {Str+8 Int+4}
                  | (You bought it in a shop on level 4 of the Shoals)
 31755 | Shoals:4 | Noticed a kraken
 31957 | Shoals:4 | HP: 28/119 [tentacle[a kraken] (6)]
 31959 | Shoals:4 | Killed a kraken
 31960 | Shoals:4 | Reached skill level 18 in Fighting
 31960 | Shoals:4 | Reached skill level 15 in Armour
 32077 | Shoals:4 | Got a barnacled rune of Zot
 32256 | Shoals:2 | Reached skill level 16 in Shields
 32464 | Snake:1  | Entered Level 1 of the Snake Pit
 32480 | Snake:1  | Noticed Aizul
 32499 | Snake:1  | Killed Aizul
 33082 | Snake:2  | Received a gift from Trog
 33461 | Snake:2  | Reached skill level 17 in Shields
 33995 | Snake:3  | Reached XP level 18. HP: 127/127 MP: 18/18
 34144 | Snake:3  | Reached skill level 19 in Fighting
 34341 | Snake:3  | Reached skill level 16 in Armour
 34344 | Snake:3  | Reached skill level 5 in Throwing
 34676 | Snake:4  | Entered Level 4 of the Snake Pit
 34830 | Snake:4  | Received a gift from Trog
 35472 | Snake:4  | Noticed Bai Suzhen
 35528 | Snake:4  | Killed Bai Suzhen
 35529 | Snake:4  | Reached skill level 18 in Shields
 35919 | Snake:4  | Reached skill level 20 in Fighting
 35995 | Snake:4  | Got a serpentine rune of Zot
 36312 | D:14     | Received a gift from Trog
 36313 | D:14     | Reached skill level 17 in Armour
 36427 | D:14     | Found a gate to the Vaults.
 36502 | D:14     | Reached XP level 19. HP: 135/135 MP: 19/19
 36675 | D:14     | Found Neker's Weapon Shop.
 36721 | D:14     | Found a shadowy altar of Dithmenos.
 36820 | D:15     | Entered Level 15 of the Dungeon
 37012 | D:15     | Found a staircase to the Depths.
 37183 | D:15     | Reached skill level 19 in Shields
 37464 | Depths:1 | Entered Level 1 of the Depths
 37911 | Depths:1 | Reached skill level 7 in Dodging
 38001 | Depths:1 | Found Dyarec's Weapon Boutique.
 38140 | Depths:1 | Received a gift from Trog
 38188 | Depths:1 | Found a gateway to Hell.
 38290 | Depths:1 | Reached skill level 21 in Fighting
 38427 | Depths:1 | Reached skill level 20 in Shields
 38465 | Depths:1 | You are sucked into a shaft and drop 1 floor!
 38560 | Depths:2 | Reached skill level 18 in Armour
 38654 | Depths:2 | Found Hehuefu's Assorted Antiques.
 38688 | Depths:2 | Bought a scroll of enchant armour for 307 gold pieces
 38973 | Depths:2 | Identified the +4 double sword of Dust {holy, *Corrode
                  | Str+5 Int+4}
 39042 | Depths:2 | Found a one-way gate leading to the halls of Pandemonium.
 39068 | Depths:2 | Reached XP level 20. HP: 144/144 MP: 20/20
 39178 | Depths:2 | Noticed Saint Roka
 39212 | Depths:2 | Killed Saint Roka
 39809 | Depths:1 | Received a gift from Trog
 40788 | Depths:3 | Found a broken altar of Ashenzari.
 40991 | Depths:3 | Found Big Baal Hell's Store.
 41046 | Depths:3 | Reached skill level 6 in Throwing
 41135 | Depths:3 | Reached skill level 22 in Fighting
 41151 | Depths:3 | Received a gift from Trog
 41152 | Depths:3 | Reached skill level 21 in Shields
 41275 | Depths:3 | Found Adamiurch's Blood Bar.
 41556 | Depths:3 | Reached skill level 19 in Armour
 41716 | Depths:3 | Acquired 1027 gold pieces
 42123 | Depths:4 | Entered Level 4 of the Depths
 42240 | Depths:4 | Reached XP level 21. HP: 137/152 MP: 21/21
 42383 | Depths:4 | Received a gift from Trog
 42818 | Depths:4 | Noticed a bone dragon
 42831 | Depths:4 | Killed a bone dragon
 42844 | Depths:4 | Found a gate to the Realm of Zot.
 43187 | Depths:4 | Reached skill level 22 in Shields
 43284 | Depths:3 | Reached skill level 8 in Dodging
 43300 | Depths:3 | Reached skill level 23 in Fighting
 43435 | Vaults:1 | Entered Level 1 of the Vaults
 43671 | Vaults:1 | Found a transporter.
 43673 | Vaults:1 | Noticed Tang's ghost (master DsGl)
 43674 | Vaults:1 | Found a bloodstained altar of Trog.
 43693 | Vaults:1 | Found a transporter.
 43899 | Vaults:1 | Received a gift from Trog
 44614 | Vaults:1 | Identified the +6 demon trident of the Solstice {flame,
                  | *Slow rElec rF++ Dex+4} (Trog gifted it to you on level 1
                  | of the Vaults)
 44614 | Vaults:1 | Received a gift from Trog
 44743 | Vaults:1 | Found Tisat's Distillery.
 44752 | Vaults:1 | Bought a potion of heal wounds for 100 gold pieces
 44752 | Vaults:1 | Bought a potion of curing for 60 gold pieces
 44752 | Vaults:1 | Bought a potion of curing for 60 gold pieces
 45042 | Vaults:2 | Reached XP level 22. HP: 159/161 MP: 22/22
 45222 | Vaults:2 | Reached skill level 23 in Shields
 45368 | Vaults:2 | You are sucked into a shaft and drop 1 floor!
 45468 | Vaults:2 | Found Wuwihipn's Antique Armour Boutique.
 45488 | Vaults:2 | Identified the +4 leather armour of Muttered Phrases {Will+
                  | Int+4}
 45535 | Vaults:2 | Reached skill level 24 in Fighting
 45587 | Vaults:2 | Noticed Mennas
 45621 | Vaults:2 | Killed Mennas
 45621 | Vaults:2 | Identified the +10 trident "Timnoeb" {vorpal, Drain rElec
                  | Will++ Stlth+} (Trog gifted it to you on level 2 of the
                  | Vaults)
 45621 | Vaults:2 | Received a gift from Trog
 45753 | Vaults:2 | Noticed Asterion
 45772 | Vaults:2 | Killed Asterion
 45909 | Vaults:2 | Found a transporter.
 45909 | Vaults:2 | Noticed abarbat's ghost (adept MiBe)
 45911 | Vaults:2 | Found a transporter.
 46334 | Vaults:3 | Noticed Boris
 46346 | Vaults:3 | Killed Boris
 46347 | Vaults:3 | Reached skill level 20 in Armour
 46594 | Vaults:3 | Received a gift from Trog
 46773 | Vaults:3 | Found a staircase to the Crypt.
 46974 | Vaults:3 | Found Cuteps's Armour Shoppe.
 47068 | Vaults:3 | Reached skill level 24 in Shields
 47236 | Vaults:3 | Found a portal to a secret trove of treasure.
 47266 | Vaults:3 | Found Qoqaf's Antique Armour Emporium.
 47667 | Vaults:4 | Found Areg's Weapon Shoppe.
 47800 | Vaults:4 | Received a gift from Trog
 47926 | Vaults:4 | Reached XP level 23. HP: 168/168 MP: 23/23
 47953 | Vaults:4 | Found Kuwal's Magic Scroll Boutique.
 48041 | Vaults:4 | Bought a scroll of magic mapping for 120 gold pieces
 48041 | Vaults:4 | Bought a scroll of fog for 64 gold pieces
 49068 | Vaults:5 | Entered Level 5 of the Vaults
 49115 | Vaults:4 | HP: 35/168 [vault guard/+0 great mace (16)]
 49245 | Vaults:4 | Reached skill level 9 in Dodging
 49280 | Vaults:4 | Reached skill level 25 in Fighting
 49405 | Vaults:4 | Received a gift from Trog
 49534 | Vaults:5 | Reached skill level 25 in Shields
 49719 | Vaults:5 | Got a silver rune of Zot
 49844 | Vaults:5 | Noticed a golden dragon
 49857 | Vaults:5 | Killed a golden dragon
 49946 | Vaults:5 | Identified the +10 scimitar of Law {freeze, +Blink Str-4
                  | Stlth+}
 50120 | Vaults:5 | Reached skill level 7 in Throwing
 50164 | Vaults:5 | Received a gift from Trog
 50218 | Vaults:5 | Identified the amulet "Numib" {Faith Contam rCorr Int+9
                  | Slay-5}
 50561 | Vaults:5 | Identified the +0 cloak of Whack-A-Mole {rPois rC- MP+9
                  | Int+4}
 50861 | Vaults:5 | Identified the amulet "Soalun" {Faith Rampage Int+4 Dex+2}
 51053 | Vaults:5 | Identified the +2 leather armour of Xaumeg {rF+ Regen+
                  | Slay+3}
 51094 | Vaults:5 | Reached XP level 24. HP: 176/176 MP: 23/23
 51767 | Zot:1    | Entered Level 1 of the Realm of Zot
 51780 | Zot:1    | Received a gift from Trog
 51897 | Depths:4 | HP: 44/177 [storm dragon (9)]
 52285 | Depths:4 | Reached skill level 26 in Shields
 52324 | Zot:1    | Reached skill level 21 in Armour
 52329 | Depths:4 | Killed from afar by a yellow draconian annihilator

Action                   |  1- 3 |  4- 6 |  7- 9 | 10-12 | 13-15 | 16-18 | 19-21 | 22-24 || total
-------------------------+-------+-------+-------+-------+-------+-------+-------+-------++-------
Melee: Trident           |   121 |   161 |   444 |   805 |  1198 |       |       |  1295 ||  4024
       Demon trident     |       |       |       |       |   362 |  1253 |  1587 |   152 ||  3354
Throw: Stone             |       |    23 |    26 |    17 |    61 |   110 |    25 |       ||   262
       Dart              |       |       |       |       |       |       |    42 |     1 ||    43
       Javelin           |       |       |       |       |       |       |       |    62 ||    62
Invok: Berserk           |       |       |       |     3 |     3 |       |     1 |     2 ||     9
       Trog's Hand       |       |       |       |     1 |     1 |     2 |       |       ||     4
Evoke: Wand              |       |       |       |     9 |    15 |    20 |     6 |       ||    50
  Use: Potion            |       |     1 |     3 |     3 |     8 |     2 |     8 |     2 ||    27
       Scroll            |       |     6 |     3 |    11 |    15 |    10 |     8 |     8 ||    61
 Stab: Paralysed         |       |       |       |     9 |     2 |     1 |     3 |       ||    15
       Distracted        |       |       |       |       |     2 |       |       |       ||     2
       Sleeping          |       |       |       |       |     2 |     1 |     2 |     4 ||     9
Armor: Scale mail        |    20 |       |       |       |       |   262 |   444 |   657 ||  1383
       Pearl dragon scal |    44 |    86 |   296 |   474 |   620 |   158 |       |       ||  1678
       Skin              |       |       |       |       |       |    16 |       |       ||    16
Dodge: Dodged            |    44 |    65 |   201 |   354 |   398 |   260 |   276 |   383 ||  1981
Block: Buckler           |    29 |    37 |   100 |   176 |   386 |    18 |       |       ||   746
       Reflection        |       |       |       |       |    30 |   126 |    44 |    33 ||   233
       Kite shield       |       |       |       |       |       |   758 |   850 |  1187 ||  2795
